 Dungeon Crawl Stone Soup version 0.28.0-1-gb440e238dd (webtiles) character file.

Game seed: 12934411867914561390

21275 Ablot the Thaumaturge (level 12, -6/90 (95) HPs)
             Began as a Gnoll Warper on Feb 20, 2022.
             Was a High Priest of Okawaru.
             Mangled by a cane toad (14 damage)
             ... on level 3 of the Lair of Beasts.
             The game lasted 00:51:11 (16670 turns).

Ablot the Thaumaturge (Gnoll Warper)               Turns: 16670, Time: 00:51:12

HP:   -6/90 (95)    AC: 13    Str: 14    XL:     12   Next: 88%
MP:   21/25         EV: 18    Int: 21    God:    Okawaru [*****.]
Gold: 850           SH:  5    Dex: 13    Spells: 22/29 levels left

rFire   x . .      SeeInvis .   N - +6 hand axe of Emaozoar {drain, rPois}
rCold   . . .      Faith    .   W - orb {mayhem}
rNeg    . . .      Spirit   .   E - +0 troll leather armour {Pargi}
rPois   +          Reflect  +   S - +0 helmet
rElec   .          Harm     .   (no cloak)
rCorr   +          Rampage  .   (no gloves)
Will    .....                   C - +0 pair of boots {Fly}
Stlth   +++++.....              y - amulet of reflection
HPRegen 1.05/turn               X - ring "Gaosefeb" {Wiz rF- rCorr Int+8}
MPRegen 0.19/turn               x - +4 ring of protection

@: heroic, flying, drained
A: fangs 1, strong nose, distributed training
a: Renounce Religion, Heroism, Finesse, Duel


You were on level 3 of the Lair of Beasts.
You worshipped Okawaru.
Okawaru was extremely pleased with you.
You visited 3 branches of the dungeon, and saw 17 of its levels.
You also visited: Sewer.

You collected 850 gold pieces.

Inventory:

Hand Weapons
 h - a +2 vampiric spear
 i - a +2 whip of electrocution
 N - the +6 hand axe of Emaozoar (weapon) {drain, rPois}
   (You found it on level 10 of the Dungeon)

   A truly terrible weapon, it drains the life of any living foe it strikes.
   rPois:     It protects you from poison.
 Z - a +2 fustibalus of freezing
Missiles
 d - 4 boomerangs of dispersal
 e - 2 atropa-tipped darts
 f - 358 stones
 j - 101 sling bullets
 p - 4 poisoned darts
 t - 286 arrows
 K - 4 javelins
 L - 20 bolts
 P - a curare-tipped dart
 T - 3 silver javelins (quivered)
Armour
 C - a +0 pair of boots of flying (worn)
 E - a +0 troll leather armour (worn) {Pargi}
 S - a +0 helmet (worn)
 W - an orb of mayhem (worn)
Magical Staves
 s - a staff of conjuration
Jewellery
 a - a ring of protection from cold
 g - a ring of positive energy
 q - a +6 ring of dexterity
 x - a +4 ring of protection (right hand)
 y - an amulet of reflection (around neck)
 H - an amulet of magic regeneration
 I - a ring of ice
 X - the ring "Gaosefeb" (left hand) {Wiz rF- rCorr Int+8}
   (You found it on level 1 of the Lair of Beasts)

   [ring of wizardry]

   It improves your spell success rate.
   Int:       It affects your intelligence (+8).
   rF:        It makes you vulnerable to fire.
   rCorr:     It protects you from acid and corrosion.
Wands
 b - a wand of iceblast (5)
 v - a wand of mindburst (3)
 U - a wand of paralysis (7)
Scrolls
 c - 7 scrolls of blinking
 l - 6 scrolls of teleportation {unknown}
 m - 2 scrolls of enchant weapon {unknown}
 n - 2 scrolls of magic mapping {unknown}
 o - a scroll of fog {unknown}
 r - 3 scrolls of summoning {unknown}
 w - a scroll of acquirement {unknown}
 M - a scroll of torment {unknown}
 Q - 2 scrolls of vulnerability {unknown}
 V - 3 scrolls of noise {unknown}
 Y - 2 scrolls of fear {unknown}
Potions
 k - a potion of heal wounds
 u - a potion of resistance
 z - a potion of ambrosia
 A - 2 potions of might
 B - 4 potions of mutation
 D - a potion of invisibility {unknown}
 F - 2 potions of haste
 G - 3 potions of brilliance
 J - 2 potions of curing
 O - a potion of magic {unknown}
 R - 2 potions of attraction {unknown}


   Skills:
 + Level 9.0(14.0) Fighting
 + Level 7.7(12.7) Short Blades
 + Level 7.7(12.7) Long Blades
 + Level 7.7(12.7) Axes
 + Level 7.7(12.7) Maces & Flails
 + Level 9.0(14.0) Polearms
 + Level 7.7(12.7) Staves
 + Level 7.7(12.7) Slings
 + Level 7.7(12.7) Bows
 + Level 7.7(12.7) Crossbows
 + Level 8.2(13.2) Throwing
 + Level 8.2(13.2) Armour
 + Level 9.0(14.0) Dodging
 + Level 7.7(12.7) Stealth
 + Level 7.7(12.7) Shields
 + Level 7.7(12.7) Unarmed Combat
 + Level 9.3 Spellcasting
 + Level 6.4 Conjurations
 + Level 6.4 Hexes
 + Level 6.4 Summonings
 + Level 6.4 Necromancy
 + Level 8.5 Translocations
 + Level 6.4 Transmutations
 + Level 6.4 Fire Magic
 + Level 6.4 Ice Magic
 + Level 6.4 Air Magic
 + Level 6.4 Earth Magic
 + Level 6.4 Poison Magic
 + Level 8.4 Invocations
 + Level 7.7 Evocations


You had 22 spell levels left.
You knew the following spells:

 Your Spells              Type           Power      Damage    Failure   Level
a - Blink                 Tloc           90%        N/A       1%          2
b - Poisonous Vapours     Pois/Air       72%        N/A       1%          2
c - Gell's Gravitas       Tloc           45%        N/A       1%          3

Your spell library contained the following spells:

 Spells                   Type           Power      Damage    Failure   Level
 Foxfire                  Conj/Fire      100%       2x1d9     1%          1
 Corpse Rot               Necr/Air       72%        N/A       1%          2
 Sublimation of Blood     Necr           36%        N/A       1%          2
 Conjure Flame            Conj/Fire      36%        6-21      1%          3
 Inner Flame              Hex/Fire       36%        N/A       1%          3
 Lesser Beckoning         Tloc           45%        N/A       1%          3
 Teleport Other           Tloc           45%        N/A       1%          3
 Passage of Golubria      Tloc           45%        N/A       1%          4
 Flame Wave               Conj/Fire      36%        2d9       2%          4
 Petrify                  Tmut/Erth      36%        N/A       2%          4
 Manifold Assault         Tloc           45%        N/A       2%          5
 Irradiate                Conj/Tmut      18%        3d20      6%          5
 Silence                  Hex/Air        18%        N/A       6%          5
 Lehudib's Crystal Spear  Conj/Erth      18%        10d5      100%        8


Dungeon Overview and Level Annotations

Branches:
Dungeon (12/15)            Temple (1/1) D:4            Lair (4/6) D:8
  Swamp (0/4) Lair:3        Snake (0/4) Lair:4          Orc (0/2) D:11
  Sewer (visited)

Altars:
Ashenzari
Cheibriados
Dithmenos
Elyvilon
Fedhas
Gozag
Hepliaklqana
Kikubaaqudgha
Makhleb
Nemelex Xobeh
Okawaru
Qazlal
Ru
Sif Muna
Trog
Uskayaw
Vehumet
Wu Jian
Xom
Yredelemnul
Zin
The Shining One

Shops:
D:7 [   D:10 =

Portals:
Abyss: Lair:2

Annotations:
D:10 Maurice
D:11 exclusions: gargoyle, two-headed ogre and 1 more exclusion
D:12 2 transporters
Lair:1 1 runed translucent door, exclusions: door and hydra, Akaron's ghost, journeyman OpIE
Lair:2 2 transporters, flt's ghost, journeyman DrCA
Lair:3 exclusion: hydra


Innate Abilities, Weirdness & Mutations

You have very sharp teeth.
Your uncanny sense of smell can sniff out nearby items.
Your experience applies equally to all skills.


Message History

* * * LOW HITPOINT WARNING * * *
You gain the combat prowess of a mighty hero.
You feel sick. The black mamba bites you!
* * * LOW HITPOINT WARNING * * *
The black mamba barely misses you.
Unknown command.
You feel much better.
You feel sick. You block the black mamba's attack.
The black mamba closely misses you.
Casting: Blink (safe; 1% risk of failure)
Confirm with . or Enter, or press ? or * to list all spells.
You blink.
You feel sick.
Okay, then.
There are no items here.
Throw: 4 javelins (silver)
Press: ? - help, Q - select action, (/) - cycle Shift-Dir - straight line, f - black mamba
Aim: a black mamba (heavily wounded, lightly drained, 57% to hit)
You throw a silver javelin.
The silver javelin pierces through the black mamba!
The black mamba is almost dead.
You slash the black mamba!
You kill the black mamba!
Okawaru accepts your kill.
The cane toad flies into a frenzy!
You feel stable enough to blink again.
You feel sick.
Unknown command.
You feel sick.
You are no longer poisoned.
The cane toad misses you. The cane toad stings you!!
* * * LOW HITPOINT WARNING * * *
You hit the cane toad. You drain the cane toad. You bite the cane toad.
The cane toad is heavily wounded.
The cane toad barely misses you.
You hit the cane toad.
The cane toad is heavily wounded.
The cane toad barely misses you.
You hit the cane toad. You drain the cane toad.
The cane toad is almost dead.
The cane toad stings you!
You die...

...#...........# #.......##......
##.#..........####.........#.....
#.#.....(................##.#...
#...........................#...
#...............#...............
##...............................
.................................
.........#.....F.................
........##.....†@................
...............................#.
.......#....................####.
....#######.####...........## #.#
...#.# #.####..#...........####.#
.....# ...#......................
.$.... .......#..................
..............#...#..............
.................##..............


You could see a neutral cane toad (fast, strong, insane, drained).

Vanquished Creatures
  A boulder beetle (D:11)
  A two-headed ogre (D:10)
  Pikel (D:6)
  An orc knight (D:10)
  5 elephants (Lair:3)
  Joseph (D:7)
  A black mamba (Lair:3)
  6 cane toads
  A torpor snail (Lair:1)
  2 rime drakes
  2 komodo dragons
  3 trolls
  14 blink frogs
  A polar bear (Lair:2)
  A spriggan (Lair:1)
  A shadow (D:10)
  11 yaks
  3 wyverns
  Eustachio (D:6)
  6 vampire mosquitoes
  A steam dragon (Lair:4)
  3 nagas
  An acid dragon (D:9)
  10 water moccasins
  Duvessa (D:6)
  4 orc warriors
  Pargi (Sewer)
  5 black bears
  A hornet zombie (D:8)
  A sky beast (D:8)
  An ogre (D:5)
  2 centaurs
  3 wolves (D:8)
  A kobold brigand (D:8)
  11 bullfrogs
  A gnoll sergeant (D:5)
  4 scorpions
  A wyvern skeleton (D:5)
  Dowan (D:6)
  15 killer bees
  The ghost of fly the Sneak, a weakling FoDe (D:5)
  7 wights
  6 howler monkeys
  An electric eel (Lair:3)
  A centaur zombie (D:5)
  A bullfrog zombie (D:6)
  8 hounds
  A gnoll shaman (D:9)
  3 orc priests
  A centaur skeleton (D:7)
  4 jellies
  Terence (D:2)
  2 iguanas (D:5)
  5 orc wizards
  9 hell rats
  2 killer bee zombies (D:8)
  A hound skeleton (D:4)
  3 howler monkey zombies
  4 gnolls (D:9)
  10 adders
  2 white imps
  An ufetubus (D:6)
  An adder skeleton (D:4)
  10 dart slugs
  12 orcs
  4 ball pythons
  8 endoplasms
  6 giant cockroaches
  4 goblins
  6 hobgoblins
  2 jackals (D:1)
  9 kobolds
  2 quokkas
  5 bats
  3 frilled lizards
  5 rats
282 creatures vanquished.

Vanquished Creatures (collateral kills)
  A yak (Lair:3)
  3 hell rats (Lair:4)
4 creatures vanquished.

Vanquished Creatures (others)
  10 fungi
  18 plants
28 creatures vanquished.

Grand Total: 314 creatures vanquished

Notes
Turn   | Place    | Note
-------+----------+-------------------------------------------
     0 | D:1      | Ablot the Gnoll Warper began the quest for the Orb.
     0 | D:1      | Reached XP level 1. HP: 20/20 MP: 6/6
   331 | D:1      | Reached XP level 2. HP: 26/26 MP: 7/7
  1237 | D:2      | Noticed Terence
  1245 | D:1      | Reached XP level 3. HP: 31/31 MP: 9/9
  1346 | D:2      | Killed Terence
  1347 | D:2      | Reached skill level 5 in Spellcasting
  1347 | D:2      | Reached skill level 1 in Invocations
  1421 | D:2      | Found a radiant altar of Vehumet.
  1475 | D:2      | Found a faded altar of an unknown god.
  1505 | D:2      | Reached skill level 1 in Short Blades
  1505 | D:2      | Reached skill level 1 in Long Blades
  1505 | D:2      | Reached skill level 1 in Axes
  1505 | D:2      | Reached skill level 1 in Maces & Flails
  1505 | D:2      | Reached skill level 1 in Staves
  1505 | D:2      | Reached skill level 1 in Slings
  1505 | D:2      | Reached skill level 1 in Bows
  1505 | D:2      | Reached skill level 1 in Crossbows
  1505 | D:2      | Reached skill level 1 in Stealth
  1505 | D:2      | Reached skill level 1 in Shields
  1505 | D:2      | Reached skill level 1 in Unarmed Combat
  1505 | D:2      | Reached skill level 1 in Evocations
  1686 | D:2      | Reached XP level 4. HP: 38/38 MP: 11/11
  1983 | D:3      | Learned a level 2 spell: Blink
  2057 | D:3      | Noticed a +0 hand axe
  2058 | D:3      | Found a hide-covered altar of Uskayaw.
  2058 | D:3      | Noticed a +0 dagger
  2434 | D:3      | Reached skill level 1 in Conjurations
  2434 | D:3      | Reached skill level 1 in Hexes
  2434 | D:3      | Reached skill level 1 in Summonings
  2434 | D:3      | Reached skill level 1 in Necromancy
  2434 | D:3      | Reached skill level 1 in Transmutations
  2434 | D:3      | Reached skill level 1 in Fire Magic
  2434 | D:3      | Reached skill level 1 in Ice Magic
  2434 | D:3      | Reached skill level 1 in Air Magic
  2434 | D:3      | Reached skill level 1 in Earth Magic
  2434 | D:3      | Reached skill level 1 in Poison Magic
  2703 | D:4      | Found an ancient bone altar of Kikubaaqudgha.
  2818 | D:4      | Reached XP level 5. HP: 23/43 MP: 12/12
  3040 | D:4      | Reached XP level 6. HP: 33/50 MP: 13/13
  3271 | D:4      | Found a shimmering blue altar of Sif Muna.
  3310 | D:4      | Reached skill level 5 in Fighting
  3310 | D:4      | Reached skill level 5 in Polearms
  3310 | D:4      | Reached skill level 5 in Dodging
  3427 | D:4      | Found a staircase to the Ecumenical Temple.
  3437 | Temple   | Entered the Ecumenical Temple
  3654 | Temple   | Became a worshipper of Warmaster Okawaru
  3982 | D:5      | Entered Level 5 of the Dungeon
  4133 | D:5      | Reached XP level 7. HP: 56/56 MP: 15/15
  4555 | D:5      | Found a glowing golden altar of the Shining One.
  4622 | D:5      | Reached * piety under Okawaru
  5004 | D:5      | Reached XP level 8. HP: 58/63 MP: 16/16
  5578 | D:5      | Found a runed translucent door.
  5579 | D:5      | Noticed fly's ghost (weakling FoDe)
  5608 | D:5      | Killed fly's ghost
  5986 | D:6      | Noticed Dowan
  6015 | D:6      | Killed Dowan
  6029 | D:6      | Noticed Duvessa
  6046 | D:6      | HP: 1/64 [Duvessa (13)]
  6048 | D:6      | Found a sacrificial altar of Ru.
  6051 | D:6      | Killed Duvessa
  6669 | D:6      | Found a glowing drain.
  6677 | D:6      | Noticed Eustachio
  6696 | D:6      | Killed Eustachio
  6715 | D:6      | Reached ** piety under Okawaru
  6725 | Sewer    | Entered a sewer
  6803 | Sewer    | Noticed Pargi
  6811 | Sewer    | Killed Pargi
  6812 | Sewer    | Reached XP level 9. HP: 69/69 MP: 18/18
  7207 | D:7      | Noticed Pikel
  7219 | D:6      | Killed Pikel
  7235 | D:7      | Reached skill level 5 in Throwing
  7235 | D:7      | Reached skill level 5 in Armour
  7331 | D:7      | Found a burning altar of Makhleb.
  7402 | D:7      | Reached *** piety under Okawaru
  7586 | D:7      | Noticed Joseph
  7735 | D:7      | Reached skill level 5 in Invocations
  7745 | D:7      | Found Zoteka's Armour Shop.
  8427 | D:8      | Found a staircase to the Lair.
  8445 | D:8      | Reached XP level 10. HP: 74/77 MP: 20/20
  8486 | D:8      | Received a gift from Okawaru
  8588 | D:8      | Reached skill level 5 in Short Blades
  8588 | D:8      | Reached skill level 5 in Long Blades
  8588 | D:8      | Reached skill level 5 in Axes
  8588 | D:8      | Reached skill level 5 in Maces & Flails
  8588 | D:8      | Reached skill level 5 in Staves
  8588 | D:8      | Reached skill level 5 in Slings
  8588 | D:8      | Reached skill level 5 in Bows
  8588 | D:8      | Reached skill level 5 in Crossbows
  8588 | D:8      | Reached skill level 5 in Stealth
  8588 | D:8      | Reached skill level 5 in Shields
  8588 | D:8      | Reached skill level 5 in Unarmed Combat
  8588 | D:8      | Reached skill level 5 in Evocations
  8667 | D:8      | Reached **** piety under Okawaru
  8780 | D:8      | Found an ornate altar of the Wu Jian Council.
  8933 | D:8      | Received a gift from Okawaru
  8955 | D:8      | Found a basalt altar of Yredelemnul.
  9380 | D:9      | Learned a level 2 spell: Poisonous Vapours
  9524 | D:9      | You are sucked into a shaft and drop 1 floor!
  9524 | D:10     | Entered Level 10 of the Dungeon
  9531 | D:10     | Identified the +6 hand axe of Emaozoar {drain, rPois}
 10470 | D:10     | Noticed Maurice
 10485 | D:10     | Found Pemuat's Jewellery Emporium.
 10862 | D:10     | Noticed a two-headed ogre
 10865 | D:10     | Noticed an orc knight
 10874 | D:10     | Killed a two-headed ogre
 10874 | D:10     | Reached ***** piety under Okawaru
 10874 | D:10     | Received a gift from Okawaru
 10875 | D:10     | Reached XP level 11. HP: 28/84 MP: 15/22
 10917 | D:10     | HP: 4/84 [orc knight (14)]
 10917 | D:10     | HP: 1/84 [orc knight (3)]
 10927 | D:10     | Killed an orc knight
 10928 | D:10     | Reached skill level 5 in Conjurations
 10928 | D:10     | Reached skill level 5 in Hexes
 10928 | D:10     | Reached skill level 5 in Summonings
 10928 | D:10     | Reached skill level 5 in Necromancy
 10928 | D:10     | Reached skill level 5 in Transmutations
 10928 | D:10     | Reached skill level 5 in Fire Magic
 10928 | D:10     | Reached skill level 5 in Ice Magic
 10928 | D:10     | Reached skill level 5 in Air Magic
 10928 | D:10     | Reached skill level 5 in Earth Magic
 10928 | D:10     | Reached skill level 5 in Poison Magic
 11348 | D:7      | Killed Joseph
 11545 | D:11     | Noticed a two-headed ogre
 11712 | D:11     | Found a staircase to the Orcish Mines.
 11875 | D:11     | Received a gift from Okawaru
 12085 | D:11     | Noticed a cyclops
 12087 | D:11     | Noticed a death knight
 12143 | D:11     | Noticed a boulder beetle
 12156 | D:11     | Killed a boulder beetle
 12156 | D:11     | Received a gift from Okawaru
 12577 | D:12     | Noticed a two-headed ogre
 12577 | D:12     | Found a transporter.
 12581 | D:12     | Found a transporter.
 12707 | D:9      | Learned a level 3 spell: Gell's Gravitas
 12744 | Lair:1   | Entered Level 1 of the Lair of Beasts
 12744 | Lair:1   | Noticed Akaron's ghost (journeyman OpIE)
 12744 | Lair:1   | Found a runed translucent door.
 12903 | Lair:1   | Received a gift from Okawaru
 13378 | Lair:1   | Noticed a six-headed hydra
 13707 | Lair:1   | Identified the ring "Gaosefeb" {Wiz rF- rCorr Int+8}
 14105 | Lair:2   | Reached XP level 12. HP: 89/94 MP: 24/24
 14242 | Lair:2   | Received a gift from Okawaru
 14649 | Lair:2   | Found a one-way gate to the infinite horrors of the Abyss.
 14651 | Lair:2   | Found a transporter.
 14651 | Lair:2   | Noticed a tentacled starspawn
 14653 | Lair:2   | Noticed flt's ghost (journeyman DrCA)
 14657 | Lair:2   | Noticed a hell hog
 14667 | Lair:2   | Found a transporter.
 15417 | Lair:3   | Found a staircase to the Swamp.
 15760 | Lair:3   | Noticed a six-headed hydra
 16292 | Lair:4   | Found a staircase to the Snake Pit.
 16670 | Lair:3   | Mangled by a cane toad

Illustrated notes

Levels and vault maps discovered:
D:1:      erik_arrival_blinker_ship, layout_loops_ring, serial_forest,
          infiniplex_forest_zigzag_2, infiniplex_forest_zigzag_1,
          infiniplex_forest_lined_2, infiniplex_forest_zigzag_1,
          infiniplex_forest_lined_room_3, infiniplex_forest_zigzag_2,
          infiniplex_forest_lined_room_2, palyth_stone_intersect
D:2:      layout_basic, basic_altar, shapermc_ecumenical_altar_mp_highgroup,
          serial_bayou_crossing, uniq_terence
D:3:      layout_rooms, dancing_weapons_uskayaw
D:4:      kennysheep_slugbush, layout_basic,
          mainiacjoe_overflow_six_doors_small, nicolae_overflow_crystal_walls,
          minmay_temple_entry_glassed_door
D:5:      layout_rooms, mainiacjoe_overflow_surrounded_room,
          ebering_ghost_inner_flame
D:6:      layout_basic, nicolae_ru_awakened_eye, gup_sewer_entry_glass,
          uniq_duvessa, uniq_eustachio
D:7:      layout_loops_ring, mainiacjoe_overflow_tiny_flanked, serial_shops,
          nicolae_shop_trees, uniq_joseph, uniq_pikel
D:8:      layout_cave_pools, mainiacjoe_overflow_chevrons,
          lemuel_zombie_altar_yredelemnul, erik_lair_island, enter_bailey_8,
          minmay_misc_feat_enclosed
D:9:      layout_rooms, nicolae_benzene_ring
D:10:     layout_basic, serial_shops, shop, uniq_maurice
D:11:     layout_basic
D:12:     layout_irregular_city, serial_shops, nicolae_shop_trees,
          serial_nicolae_subway, nicolae_sub_station_crystal,
          nicolae_sub_station_stone, nicolae_sub_station_metal, uniq_nergalle
Temple:   dpeg_chambers_temple
Lair:1:   layout_concentric_octagons, hellmonk_ghost_happy_afterlife,
          grunt_forest_large_clearing_hut, lemuel_fruit_fields,
          grunt_megastairs_2
Lair:2:   layout_loops_ring, gammafunk_ghost_abyssal_escape, grunt_megastairs_3,
          infiniplex_staircase_pool_2
Lair:3:   layout_hall_layers, swamp_mist_pool, beast_lair_carwin_11
Lair:4:   layout_hall_layers, minmay_snake_entry_guardpost_small,
          hellmonk_guarded_unrand_seven_league_boots

Skill      XL: |  1  2  3  4  5  6  7  8  9 10 11 12 |
---------------+-------------------------------------+-----
Spellcasting   | 5 6 7 8 9 |  9.3
Invocations    | 1 2 3 4 5 6 7 8 |  8.4
Short Blades   | 1 2 3 4 5 6 7 |  7.7
Long Blades    | 1 2 3 4 5 6 7 |  7.7
Axes           | 1 2 3 4 5 6 7 |  7.7
Maces & Flails | 1 2 3 4 5 6 7 |  7.7
Staves         | 1 2 3 4 5 6 7 |  7.7
Slings         | 1 2 3 4 5 6 7 |  7.7
Bows           | 1 2 3 4 5 6 7 |  7.7
Crossbows      | 1 2 3 4 5 6 7 |  7.7
Stealth        | 1 2 3 4 5 6 7 |  7.7
Shields        | 1 2 3 4 5 6 7 |  7.7
Unarmed Combat | 1 2 3 4 5 6 7 |  7.7
Evocations     | 1 2 3 4 5 6 7 |  7.7
Conjurations   | 1 2 3 4 5 6 |  6.4
Hexes          | 1 2 3 4 5 6 |  6.4
Summonings     | 1 2 3 4 5 6 |  6.4
Necromancy     | 1 2 3 4 5 6 |  6.4
Transmutations | 1 2 3 4 5 6 |  6.4
Fire Magic     | 1 2 3 4 5 6 |  6.4
Ice Magic      | 1 2 3 4 5 6 |  6.4
Air Magic      | 1 2 3 4 5 6 |  6.4
Earth Magic    | 1 2 3 4 5 6 |  6.4
Poison Magic   | 1 2 3 4 5 6 |  6.4
Throwing       | 3 4 5 6 7 8 |  8.2
Armour         | 3 4 5 6 7 8 |  8.2
Fighting       | 5 6 7 8 9 |  9.0
Polearms       | 5 6 7 8 9 |  9.0
Dodging        | 5 6 7 8 9 |  9.0
Translocations | 6 7 8 |  8.5

Action                   |  1- 3 |  4- 6 |  7- 9 | 10-12 || total
-------------------------+-------+-------+-------+-------++-------
Melee: Spear             |    31 |    67 |       |       ||    98
       Punch             |     3 |     5 |    13 |    22 ||    43
       Bite              |     5 |    15 |    51 |   103 ||   174
       Whip              |    74 |   113 |   384 |   332 ||   903
       Hand axe          |       |       |       |   426 ||   426
 Fire: Fustibalus        |       |       |       |   243 ||   243
Throw: Dart              |     2 |       |     1 |       ||     3
       Boomerang         |     1 |       |       |       ||     1
       Javelin           |       |       |       |     4 ||     4
 Cast: Blink             |       |       |     1 |     6 ||     7
       Poisonous Vapours |       |       |       |    25 ||    25
Invok: Heroism           |       |       |     2 |     3 ||     5
  Use: Scroll            |       |       |       |     8 ||     8
       Potion            |       |       |       |     3 ||     3
 Stab: Sleeping          |       |     2 |     6 |    11 ||    19
       Distracted        |       |       |       |     2 ||     2
Armor: Leather armour    |    29 |    30 |    79 |       ||   138
       Troll leather arm |       |       |    50 |   254 ||   304
Dodge: Dodged            |    70 |   132 |   264 |   649 ||  1115
Block: Other             |       |       |    65 |   154 ||   219
       Reflection        |       |       |       |     4 ||     4
       Orb               |       |       |       |    74 ||    74
